[ AOE2 MATCH · #477313781 ]
UnrankedSlavs vs Teutons
[ REPLAY ANALYSIS · EXTRACTED FROM THE RECORDED GAME ]
Feudal
13:31
Castle
17:09
Imperial
30:35
| APM avg | 40.6 |
| APM peak | 63 |
| eAPM avg | 25.2 |
| Villagers / military | 104 / 35 |
Focus
⚔️ 23.9% · 🌾 76.1%
Fishing Ship ×15 · Battering Ram ×13 · Monk ×11 · Boyar ×8 · Fire Galley ×2 · Unknown (2626) ×2
Feudal
12:58
Castle
16:56
Imperial
—
| APM avg | 45.2 |
| APM peak | 77 |
| eAPM avg | 21.2 |
| Villagers / military | 93 / 52 |
Focus
⚔️ 36.8% · 🌾 63.2%
Galley ×27 · Fishing Ship ×26 · Fire Galley ×20 · Unknown (2626) ×5 · Monk ×4 · Mangonel ×1
Feudal
13:54
Castle
20:19
Imperial
35:41
| APM avg | 49.7 |
| APM peak | 87 |
| eAPM avg | 26.8 |
| Villagers / military | 105 / 79 |
Focus
⚔️ 23.5% · 🌾 76.5%
Scout Cavalry ×34 · Knight ×25 · Fire Galley ×20 · Fishing Ship ×13 · Unknown (2626) ×12
Feudal
13:37
Castle
17:10
Imperial
—
| APM avg | 31.4 |
| APM peak | 52 |
| eAPM avg | 20.2 |
| Villagers / military | 93 / 23 |
Focus
⚔️ 28.5% · 🌾 71.5%
Fishing Ship ×17 · War Wagon ×11 · Monk ×9 · Unknown (2626) ×3 · Iron Pagoda ×2 · Battering Ram ×1
Match map
Initial resources + every placement click. Lines = walls · curves = elevation contours. ◆ gold · ⬟ stone · ● berries · ✦ relic · ◌ wall gap
Your base· ✓ Closed at 17:09 · 17t walls · 1 gate(s)
[KD] Penny13_VO's base· Open — opponent sealed themselves in
LuckAss's base· ✓ Closed at 20:19 · 28t walls · 1 gate(s)
[KD] Fabuled's base· Open — opponent sealed themselves in
Smoothed initial terrain · ◌ = detected wall gap · hover for details
Inputs per minute
— HasmanIII - - [KD] Penny13_VO
Build order — HasmanIII
First 150 of 281 actions detected
| 0:08 | Build | Town Center |
| 0:35 | Build | Dock |
| 1:15 | Build | House |
| 1:17 | Build | Palisade Wall |
| 1:19 | Build | Palisade Wall |
| 2:24 | Create | Villager (Male) |
| 2:24 | Create | Villager (Male) |
| 2:25 | Create | Villager (Male) |
| 2:28 | Create | Villager (Male) |
| 3:28 | Create | Fishing Ship |
| 3:54 | Create | Villager (Male) |
| 4:13 | Build | House |
| 4:24 | Create | Villager (Male) |
| 4:49 | Create | Villager (Male) |
| 5:14 | Create | Villager (Male) |
| 5:21 | Research | Loom |
| 5:28 | Create | Fishing Ship |
| 5:42 | Build | House |
| 6:04 | Create | Villager (Male) |
| 6:04 | Create | Villager (Male) |
| 6:23 | Build | Palisade Wall |
| 6:35 | Build | Palisade Wall |
| 6:36 | Create | Fishing Ship |
| 6:36 | Create | Fishing Ship |
| 6:42 | Create | Villager (Male) |
| 7:00 | Create | Fishing Ship |
| 7:03 | Create | Villager (Male) |
| 7:13 | Create | Villager (Male) |
| 7:15 | Build | House |
| 7:26 | Create | Villager (Male) |
| 7:28 | Build | Palisade Wall |
| 7:29 | Build | Palisade Wall |
| 7:55 | Create | Fishing Ship |
| 7:57 | Create | Villager (Male) |
| 8:00 | Build | Palisade Wall |
| 8:02 | Build | Palisade Wall |
| 8:39 | Create | Fishing Ship |
| 8:47 | Build | House |
| 8:55 | Build | Dock |
| 9:02 | Create | Villager (Male) |
| 9:09 | Create | Villager (Male) |
| 9:23 | Create | Fishing Ship |
| 9:32 | Create | Fishing Ship |
| 9:46 | Create | Villager (Male) |
| 9:52 | Build | House |
| 9:53 | Build | Palisade Wall |
| 10:05 | Create | Villager (Male) |
| 10:13 | Create | Fishing Ship |
| 10:25 | Build | Mining Camp |
| 10:44 | Create | Villager (Male) |
| 10:52 | Build | Mill |
| 11:17 | Research | Feudal Age |
| 11:35 | Build | House |
| 11:37 | Build | House |
| 11:42 | Create | Fishing Ship |
| 11:42 | Create | Fishing Ship |
| 11:46 | Create | Fishing Ship |
| 12:24 | Build | Outpost |
| 12:45 | Create | Villager (Male) |
| 13:07 | Build | Palisade Wall |
| 13:31 | Age | Feudal Age |
| 13:35 | Build | Market |
| 13:38 | Create | Villager (Male) |
| 13:43 | Build | Blacksmith |
| 13:56 | Create | Fishing Ship |
| 14:03 | Create | Fishing Ship |
| 14:29 | Research | Castle Age |
| 14:35 | Build | Palisade Gate |
| 14:40 | Create | Villager (Male) |
| 14:45 | Build | Lumber Camp |
| 15:09 | Research | Double-Bit Axe |
| 15:18 | Build | Outpost |
| 15:27 | Research | Tech 906 |
| 16:03 | Create | Unit 2626 |
| 16:05 | Create | Unit 2626 |
| 16:09 | Create | Villager (Male) |
| 16:19 | Research | Gold Mining |
| 16:26 | Research | Town Watch |
| 17:09 | Age | Castle Age |
| 17:10 | Build | Monastery |
| 17:36 | Create | Villager (Male) |
| 17:51 | Build | Town Center |
| 17:54 | Create | Monk |
| 18:07 | Build | Stone Wall |
| 18:13 | Create | Villager (Male) |
| 18:21 | Create | Villager (Male) |
| 18:24 | Build | House |
| 18:25 | Build | House |
| 18:40 | Create | Monk |
| 18:44 | Create | Villager (Male) |
| 18:54 | Create | Villager (Male) |
| 19:04 | Create | Villager (Male) |
| 19:10 | Create | Villager (Male) |
| 19:23 | Create | Villager (Male) |
| 19:26 | Create | Villager (Male) |
| 19:27 | Create | Villager (Male) |
| 19:31 | Create | Villager (Male) |
| 19:33 | Research | Gold Shaft Mining |
| 19:38 | Build | Siege Workshop |
| 19:41 | Create | Villager (Male) |
| 19:55 | Create | Villager (Male) |
| 20:06 | Build | House |
| 20:07 | Create | Villager (Male) |
| 20:12 | Build | Town Center |
| 20:17 | Create | Monk |
| 20:38 | Create | Villager (Male) |
| 20:39 | Create | Villager (Male) |
| 20:44 | Create | Mangonel |
| 20:48 | Build | Lumber Camp |
| 20:50 | Create | Villager (Male) |
| 20:56 | Create | Villager (Male) |
| 20:57 | Create | Villager (Male) |
| 21:07 | Create | Fire Galley |
| 21:08 | Create | Villager (Male) |
| 21:17 | Build | House |
| 21:18 | Create | Villager (Male) |
| 21:25 | Create | Villager (Male) |
| 21:26 | Create | Villager (Male) |
| 21:39 | Create | Villager (Male) |
| 21:43 | Create | Villager (Male) |
| 21:46 | Create | Battering Ram |
| 21:58 | Create | Villager (Male) |
| 22:00 | Build | Mining Camp |
| 22:02 | Create | Villager (Male) |
| 22:04 | Create | Battering Ram |
| 22:15 | Create | Villager (Male) |
| 22:21 | Create | Fire Galley |
| 22:27 | Create | Villager (Male) |
| 22:33 | Create | Battering Ram |
| 22:37 | Create | Villager (Male) |
| 22:39 | Build | Dock |
| 22:43 | Build | Dock |
| 22:46 | Create | Villager (Male) |
| 23:04 | Research | Sanctity |
| 23:05 | Create | Villager (Male) |
| 23:13 | Research | Horse Collar |
| 23:14 | Create | Villager (Male) |
| 23:16 | Create | Villager (Male) |
| 23:18 | Build | Farm |
| 23:18 | Build | Farm |
| 23:18 | Build | Farm |
| 23:19 | Build | Farm |
| 23:25 | Build | House |
| 23:26 | Build | House |
| 23:27 | Build | House |
| 23:41 | Create | Villager (Male) |
| 23:43 | Create | Battering Ram |
| 23:48 | Build | House |
| 23:49 | Build | House |
| 23:49 | Build | House |
Build order — [KD] Penny13_VO
First 150 of 273 actions detected
| 0:08 | Build | Town Center |
| 0:32 | Build | Dock |
| 0:34 | Build | House |
| 2:21 | Create | Villager (Male) |
| 2:21 | Create | Villager (Male) |
| 2:27 | Create | Villager (Male) |
| 2:34 | Create | Villager (Male) |
| 3:25 | Create | Fishing Ship |
| 3:41 | Create | Villager (Male) |
| 4:12 | Build | House |
| 4:29 | Create | Villager (Male) |
| 4:56 | Create | Villager (Male) |
| 5:08 | Create | Fishing Ship |
| 5:17 | Create | Villager (Male) |
| 5:43 | Create | Villager (Male) |
| 5:46 | Build | House |
| 5:58 | Create | Villager (Male) |
| 6:13 | Create | Fishing Ship |
| 6:37 | Create | Villager (Male) |
| 6:45 | Create | Villager (Male) |
| 6:50 | Create | Fishing Ship |
| 6:56 | Build | House |
| 7:26 | Create | Fishing Ship |
| 7:28 | Create | Villager (Male) |
| 7:33 | Create | Villager (Male) |
| 7:51 | Create | Villager (Male) |
| 7:56 | Create | Fishing Ship |
| 7:59 | Build | House |
| 8:28 | Build | Lumber Camp |
| 8:30 | Create | Villager (Male) |
| 8:55 | Create | Villager (Male) |
| 8:57 | Create | Fishing Ship |
| 9:07 | Create | Villager (Male) |
| 9:08 | Create | Villager (Male) |
| 9:14 | Create | Villager (Male) |
| 9:26 | Create | Fishing Ship |
| 9:28 | Build | House |
| 9:42 | Build | House |
| 9:48 | Build | House |
| 10:00 | Research | Loom |
| 10:24 | Build | House |
| 10:28 | Create | Fishing Ship |
| 10:33 | Build | Dock |
| 10:48 | Research | Feudal Age |
| 11:11 | Build | Mill |
| 12:40 | Build | Mining Camp |
| 12:58 | Age | Feudal Age |
| 13:03 | Build | Market |
| 13:05 | Research | Town Watch |
| 13:09 | Build | Blacksmith |
| 13:15 | Create | Villager (Male) |
| 13:26 | Build | Outpost |
| 13:31 | Build | House |
| 14:16 | Research | Castle Age |
| 14:27 | Build | Outpost |
| 14:32 | Build | Palisade Wall |
| 14:32 | Build | Palisade Wall |
| 14:35 | Build | House |
| 14:35 | Build | House |
| 14:37 | Build | Palisade Wall |
| 14:37 | Build | Palisade Wall |
| 14:55 | Build | Mining Camp |
| 15:08 | Build | Outpost |
| 15:42 | Create | Villager (Male) |
| 16:04 | Research | Double-Bit Axe |
| 16:07 | Research | Tech 906 |
| 16:18 | Create | Galley |
| 16:18 | Create | Galley |
| 16:49 | Build | Palisade Wall |
| 16:56 | Age | Castle Age |
| 17:03 | Research | War Galley (upgrade) |
| 17:04 | Research | Fletching |
| 17:06 | Create | Villager (Male) |
| 17:16 | Research | Bow Saw |
| 17:17 | Create | Villager (Male) |
| 17:29 | Create | Galley |
| 17:47 | Create | Villager (Male) |
| 17:57 | Create | Galley |
| 17:57 | Create | Galley |
| 18:10 | Create | Villager (Male) |
| 18:20 | Research | Bodkin Arrow |
| 18:37 | Build | Dock |
| 18:41 | Create | Villager (Male) |
| 18:44 | Create | Galley |
| 18:49 | Research | Gold Mining |
| 19:02 | Create | Galley |
| 19:02 | Create | Galley |
| 19:03 | Create | Villager (Male) |
| 19:17 | Create | Galley |
| 19:18 | Create | Villager (Male) |
| 19:28 | Create | Galley |
| 20:07 | Create | Galley |
| 20:09 | Create | Villager (Male) |
| 20:18 | Create | Galley |
| 20:19 | Create | Galley |
| 20:24 | Build | House |
| 20:24 | Create | Villager (Male) |
| 20:37 | Create | Villager (Male) |
| 20:54 | Build | Town Center |
| 20:58 | Build | House |
| 21:07 | Create | Galley |
| 21:07 | Create | Galley |
| 21:08 | Create | Galley |
| 21:23 | Create | Galley |
| 21:24 | Create | Villager (Male) |
| 21:33 | Build | House |
| 21:52 | Create | Villager (Male) |
| 21:56 | Build | Lumber Camp |
| 22:14 | Create | Fire Galley |
| 22:15 | Create | Fire Galley |
| 22:15 | Create | Fire Galley |
| 22:15 | Create | Fire Galley |
| 22:42 | Create | Villager (Male) |
| 22:46 | Create | Villager (Male) |
| 22:59 | Research | Horse Collar |
| 23:01 | Build | Farm |
| 23:01 | Build | Farm |
| 23:01 | Build | Farm |
| 23:01 | Build | Farm |
| 23:02 | Create | Villager (Male) |
| 23:05 | Build | Farm |
| 23:05 | Build | Farm |
| 23:05 | Build | Farm |
| 23:05 | Build | Farm |
| 23:06 | Build | Farm |
| 23:10 | Build | House |
| 23:11 | Build | House |
| 23:14 | Build | Farm |
| 23:26 | Create | Fire Galley |
| 23:26 | Create | Fire Galley |
| 23:26 | Create | Fire Galley |
| 23:34 | Create | Villager (Male) |
| 23:39 | Create | Villager (Male) |
| 23:48 | Build | University |
| 24:12 | Build | Dock |
| 24:19 | Create | Villager (Male) |
| 24:22 | Create | Villager (Male) |
| 24:27 | Create | Villager (Male) |
| 24:36 | Create | Galley |
| 24:36 | Create | Galley |
| 24:36 | Create | Galley |
| 24:37 | Create | Villager (Male) |
| 24:50 | Create | Villager (Male) |
| 24:55 | Create | Villager (Male) |
| 25:01 | Create | Villager (Male) |
| 25:22 | Create | Fishing Ship |
| 25:23 | Create | Fishing Ship |
| 25:23 | Create | Fishing Ship |
| 25:27 | Build | House |
| 25:30 | Create | Villager (Male) |
Build order — LuckAss
First 150 of 362 actions detected
| 0:04 | Build | Town Center |
| 1:21 | Build | Dock |
| 1:22 | Build | House |
| 2:27 | Create | Villager (Male) |
| 2:27 | Create | Villager (Male) |
| 2:28 | Create | Villager (Male) |
| 2:28 | Create | Villager (Male) |
| 3:33 | Create | Fishing Ship |
| 4:04 | Research | Loom |
| 4:13 | Build | House |
| 4:23 | Create | Villager (Male) |
| 4:49 | Create | Villager (Male) |
| 5:13 | Create | Villager (Male) |
| 5:16 | Create | Fishing Ship |
| 5:48 | Build | House |
| 5:49 | Create | Villager (Male) |
| 6:07 | Create | Fishing Ship |
| 6:10 | Create | Villager (Male) |
| 6:30 | Build | House |
| 6:38 | Create | Villager (Male) |
| 6:52 | Create | Villager (Male) |
| 7:06 | Create | Fishing Ship |
| 7:29 | Create | Villager (Male) |
| 7:33 | Create | Fishing Ship |
| 7:41 | Create | Villager (Male) |
| 7:41 | Create | Villager (Male) |
| 8:17 | Create | Villager (Male) |
| 8:21 | Create | Fishing Ship |
| 8:33 | Build | House |
| 8:34 | Build | Palisade Wall |
| 8:34 | Build | Palisade Wall |
| 8:38 | Create | Villager (Male) |
| 9:02 | Build | House |
| 9:08 | Build | Dock |
| 9:14 | Create | Villager (Male) |
| 9:16 | Create | Fishing Ship |
| 9:21 | Create | Villager (Male) |
| 9:22 | Create | Villager (Male) |
| 9:25 | Build | House |
| 9:26 | Build | Palisade Wall |
| 9:46 | Create | Villager (Male) |
| 9:49 | Create | Fishing Ship |
| 10:12 | Create | Fishing Ship |
| 10:18 | Create | Villager (Male) |
| 10:32 | Create | Villager (Male) |
| 10:33 | Create | Fishing Ship |
| 10:57 | Create | Villager (Male) |
| 11:00 | Build | Mining Camp |
| 11:24 | Create | Fishing Ship |
| 11:42 | Research | Feudal Age |
| 11:58 | Build | Lumber Camp |
| 12:27 | Build | House |
| 12:28 | Build | House |
| 12:37 | Build | Dock |
| 12:50 | Create | Fishing Ship |
| 13:01 | Build | Palisade Wall |
| 13:04 | Create | Fishing Ship |
| 13:23 | Create | Villager (Male) |
| 13:37 | Build | Palisade Wall |
| 13:54 | Age | Feudal Age |
| 13:56 | Create | Unit 2626 |
| 13:56 | Create | Unit 2626 |
| 13:57 | Create | Unit 2626 |
| 14:01 | Create | Villager (Male) |
| 14:07 | Build | Lumber Camp |
| 14:10 | Research | Double-Bit Axe |
| 14:11 | Research | Double-Bit Axe |
| 14:17 | Create | Villager (Male) |
| 14:35 | Research | Tech 906 |
| 14:35 | Research | Tech 906 |
| 14:38 | Create | Villager (Male) |
| 14:45 | Create | Villager (Male) |
| 14:54 | Build | House |
| 14:55 | Build | House |
| 15:02 | Create | Unit 2626 |
| 15:02 | Create | Unit 2626 |
| 15:14 | Create | Unit 2626 |
| 15:21 | Build | House |
| 15:22 | Build | House |
| 15:35 | Create | Villager (Male) |
| 15:42 | Build | Mill |
| 16:10 | Create | Villager (Male) |
| 16:15 | Build | Blacksmith |
| 16:25 | Create | Villager (Male) |
| 16:51 | Build | Market |
| 17:02 | Create | Villager (Male) |
| 17:20 | Create | Unit 2626 |
| 17:34 | Research | Castle Age |
| 17:48 | Build | Palisade Gate |
| 18:01 | Create | Fire Galley |
| 18:01 | Create | Fire Galley |
| 18:15 | Research | Gold Mining |
| 18:43 | Create | Unit 2626 |
| 18:44 | Create | Fire Galley |
| 18:52 | Create | Villager (Male) |
| 18:56 | Create | Villager (Male) |
| 19:13 | Build | Barracks |
| 19:30 | Create | Villager (Male) |
| 19:33 | Create | Unit 2626 |
| 19:33 | Create | Unit 2626 |
| 19:33 | Create | Unit 2626 |
| 20:08 | Research | Forging |
| 20:19 | Age | Castle Age |
| 20:23 | Research | War Galley (upgrade) |
| 20:23 | Research | War Galley (upgrade) |
| 20:29 | Create | Villager (Male) |
| 20:32 | Build | Town Center |
| 20:35 | Research | Bow Saw |
| 20:39 | Research | Gillnets |
| 21:04 | Build | Dock |
| 21:09 | Create | Villager (Male) |
| 22:05 | Create | Villager (Male) |
| 22:05 | Create | Villager (Male) |
| 22:10 | Create | Villager (Male) |
| 22:12 | Build | Stable |
| 22:31 | Build | Dock |
| 22:39 | Create | Fire Galley |
| 22:40 | Create | Fire Galley |
| 22:40 | Create | Unit 2626 |
| 22:44 | Create | Villager (Male) |
| 22:44 | Create | Villager (Male) |
| 22:47 | Create | Villager (Male) |
| 22:49 | Create | Villager (Male) |
| 22:51 | Create | Knight |
| 22:51 | Create | Knight |
| 23:13 | Build | Lumber Camp |
| 23:15 | Research | Horse Collar |
| 23:15 | Research | Horse Collar |
| 23:17 | Create | Villager (Male) |
| 23:25 | Build | Stable |
| 23:31 | Create | Villager (Male) |
| 23:56 | Create | Villager (Male) |
| 23:58 | Research | Bloodlines |
| 24:00 | Research | Scale Barding Armor |
| 24:04 | Create | Knight |
| 24:06 | Create | Villager (Male) |
| 24:19 | Create | Fire Galley |
| 24:20 | Create | Fire Galley |
| 24:20 | Create | Fire Galley |
| 24:20 | Create | Fire Galley |
| 24:29 | Create | Villager (Male) |
| 24:29 | Create | Villager (Male) |
| 24:31 | Create | Knight |
| 24:33 | Create | Villager (Male) |
| 24:37 | Research | Heavy Plow |
| 24:40 | Build | Farm |
| 24:42 | Build | Farm |
| 24:42 | Build | Farm |
| 24:44 | Build | Farm |
| 24:45 | Create | Villager (Male) |
Build order — [KD] Fabuled
First 150 of 221 actions detected
| 0:12 | Build | Town Center |
| 0:25 | Build | Dock |
| 0:27 | Build | House |
| 2:42 | Create | Villager (Male) ×4 |
| 2:42 | Create | Villager (Male) ×4 |
| 3:33 | Create | Villager (Male) |
| 3:39 | Create | Fishing Ship |
| 4:27 | Build | House |
| 4:52 | Create | Villager (Male) |
| 4:57 | Create | Fishing Ship |
| 5:15 | Create | Villager (Male) |
| 5:40 | Create | Fishing Ship |
| 5:40 | Create | Fishing Ship |
| 5:44 | Create | Villager (Male) |
| 5:52 | Build | House |
| 6:09 | Create | Villager (Male) |
| 6:29 | Create | Fishing Ship |
| 6:30 | Create | Fishing Ship |
| 6:43 | Create | Villager (Male) |
| 7:02 | Create | Fishing Ship |
| 7:15 | Create | Villager (Male) |
| 7:37 | Create | Villager (Male) |
| 7:37 | Create | Villager (Male) |
| 7:44 | Build | House |
| 7:53 | Create | Villager (Male) |
| 7:56 | Create | Fishing Ship |
| 8:07 | Research | Loom |
| 8:19 | Create | Villager (Male) |
| 8:26 | Create | Fishing Ship |
| 8:43 | Create | Villager (Male) |
| 8:53 | Create | Fishing Ship |
| 9:12 | Build | House |
| 9:22 | Create | Villager (Male) |
| 9:37 | Build | House |
| 9:40 | Create | Villager (Male) |
| 9:56 | Create | Villager (Male) |
| 10:15 | Create | Villager (Male) |
| 10:26 | Build | Mill |
| 10:29 | Build | House |
| 10:34 | Create | Villager (Male) |
| 10:56 | Build | House |
| 11:06 | Build | House |
| 11:20 | Research | Feudal Age |
| 11:50 | Build | Dock |
| 12:48 | Create | Fishing Ship |
| 13:37 | Age | Feudal Age |
| 13:37 | Create | Villager (Male) |
| 13:37 | Create | Villager (Male) |
| 13:39 | Build | Market |
| 13:41 | Build | Blacksmith |
| 13:54 | Build | Mining Camp |
| 14:30 | Research | Castle Age |
| 14:37 | Research | Tech 906 |
| 14:42 | Create | Fishing Ship |
| 15:06 | Build | Lumber Camp |
| 15:20 | Create | Villager (Male) |
| 15:42 | Research | Double-Bit Axe |
| 17:10 | Age | Castle Age |
| 17:22 | Build | Castle |
| 17:23 | Create | Villager (Male) |
| 17:33 | Create | Unit 2626 |
| 17:34 | Create | Unit 2626 |
| 17:34 | Create | Unit 2626 |
| 17:43 | Create | Villager (Male) |
| 18:10 | Build | Mill |
| 18:11 | Create | Villager (Male) |
| 18:35 | Create | Villager (Male) |
| 18:54 | Create | Villager (Male) |
| 18:57 | Build | Mining Camp |
| 18:59 | Create | Villager (Male) |
| 19:30 | Create | Villager (Male) |
| 19:44 | Create | War Wagon |
| 19:46 | Create | Villager (Male) |
| 20:03 | Build | House |
| 20:15 | Create | War Wagon |
| 20:27 | Create | Villager (Male) |
| 21:01 | Build | Siege Workshop |
| 21:08 | Create | Villager (Male) |
| 21:21 | Research | Bow Saw |
| 21:22 | Create | Villager (Male) |
| 21:45 | Build | Lumber Camp |
| 22:07 | Create | War Wagon |
| 22:11 | Create | Villager (Male) |
| 22:20 | Research | Fletching |
| 22:23 | Create | Villager (Male) |
| 22:37 | Create | War Wagon |
| 22:47 | Create | Battering Ram |
| 22:58 | Build | Lumber Camp |
| 23:05 | Research | Bodkin Arrow |
| 23:05 | Create | Villager (Male) |
| 23:08 | Create | Villager (Male) |
| 23:36 | Create | Villager (Male) |
| 23:38 | Build | House |
| 23:44 | Create | Iron Pagoda |
| 23:44 | Create | Villager (Male) |
| 23:44 | Create | Villager (Male) |
| 23:58 | Build | House |
| 23:59 | Build | House |
| 24:05 | Create | War Wagon |
| 24:32 | Build | Monastery |
| 24:36 | Create | War Wagon |
| 24:37 | Create | War Wagon |
| 24:37 | Create | War Wagon |
| 24:37 | Create | Villager (Male) |
| 24:45 | Create | Villager (Male) |
| 25:01 | Build | Mining Camp |
| 25:12 | Create | Iron Pagoda |
| 25:24 | Build | House |
| 25:24 | Build | House |
| 25:25 | Create | Villager (Male) |
| 25:35 | Build | Town Center |
| 26:29 | Create | War Wagon |
| 26:29 | Create | War Wagon |
| 26:31 | Create | War Wagon |
| 26:32 | Create | Villager (Male) |
| 27:10 | Create | Villager (Male) |
| 27:10 | Create | Villager (Male) |
| 27:20 | Build | House |
| 27:21 | Build | House |
| 27:33 | Build | Farm |
| 27:33 | Build | Farm |
| 27:33 | Build | Farm |
| 27:33 | Build | Farm |
| 27:34 | Build | Farm |
| 27:34 | Build | Farm |
| 27:34 | Build | Farm |
| 27:35 | Build | Farm |
| 27:39 | Build | Farm |
| 27:39 | Build | Farm |
| 27:39 | Build | Farm |
| 27:39 | Build | Farm |
| 27:40 | Build | Farm |
| 27:40 | Build | Farm |
| 27:40 | Build | Farm |
| 27:42 | Research | Horse Collar |
| 27:58 | Create | Villager (Male) |
| 28:16 | Build | Farm |
| 28:18 | Build | Farm |
| 28:18 | Build | Farm |
| 28:18 | Build | Farm |
| 28:19 | Build | Farm |
| 28:21 | Build | Farm |
| 28:21 | Build | Farm |
| 28:51 | Create | Villager (Male) |
| 28:58 | Create | Villager (Male) |
| 29:00 | Build | Farm |
| 29:00 | Build | Farm |
| 29:00 | Build | Farm |
| 29:03 | Build | Monastery |
| 29:04 | Build | Monastery |
Match timeline
| 0:25 | [KD] Fabuled · first_building Dock |
| 0:32 | [KD] Penny13_VO · first_building Dock |
| 0:35 | HasmanIII · first_building Dock |
| 1:17 | HasmanIII · wall_segment Palisade Wall x1 |
| 1:19 | HasmanIII · wall_segment Palisade Wall x1 |
| 1:21 | LuckAss · first_building Dock |
| 6:23 | HasmanIII · wall_segment Palisade Wall x1 |
| 6:35 | HasmanIII · wall_segment Palisade Wall x3 |
| 7:28 | HasmanIII · wall_segment Palisade Wall x1 |
| 7:29 | HasmanIII · wall_segment Palisade Wall x1 |
| 8:00 | HasmanIII · wall_segment Palisade Wall x1 |
| 8:02 | HasmanIII · wall_segment Palisade Wall x1 |
| 8:34 | LuckAss · wall_segment Palisade Wall x1 |
| 8:34 | LuckAss · wall_segment Palisade Wall x1 |
| 9:26 | LuckAss · wall_segment Palisade Wall x5 |
| 9:53 | HasmanIII · wall_segment Palisade Wall x3 |
| 12:58 | [KD] Penny13_VO · age_up feudal |
| 13:01 | LuckAss · wall_segment Palisade Wall x9 |
| 13:07 | HasmanIII · wall_segment Palisade Wall x4 |
| 13:31 | HasmanIII · age_up feudal |
| 13:37 | LuckAss · wall_segment Palisade Wall x12 |
| 13:37 | [KD] Fabuled · age_up feudal |
| 13:54 | LuckAss · age_up feudal |
| 13:55 | [KD] Penny13_VO · first_market_sell 100 wood |
| 14:30 | [KD] Fabuled · first_market_sell 100 food |
| 14:32 | [KD] Penny13_VO · wall_segment Palisade Wall x1 |
| 14:32 | [KD] Penny13_VO · wall_segment Palisade Wall x1 |
| 14:37 | [KD] Penny13_VO · wall_segment Palisade Wall x1 |
| 14:37 | [KD] Penny13_VO · wall_segment Palisade Wall x1 |
| 16:49 | [KD] Penny13_VO · wall_segment Palisade Wall x1 |
| 16:56 | [KD] Penny13_VO · age_up castle |
| 17:09 | HasmanIII · age_up castle |
| 17:10 | HasmanIII · first_building Monastery |
| 17:10 | [KD] Fabuled · age_up castle |
| 17:15 | HasmanIII · first_market_buy 100 wood |
| 17:15 | [KD] Penny13_VO · first_market_buy 100 wood |
| 17:22 | [KD] Fabuled · first_building Castle |
| 18:07 | HasmanIII · wall_segment Stone Wall x9 |
| 19:13 | LuckAss · first_building Barracks |
| 19:38 | HasmanIII · first_building Siege Workshop |
| 20:19 | LuckAss · age_up castle |
| 21:01 | [KD] Fabuled · first_building Siege Workshop |
| 22:12 | LuckAss · first_building Stable |
| 22:54 | [KD] Fabuled · first_market_buy 100 wood |
| 24:32 | [KD] Fabuled · first_building Monastery |
| 27:26 | [KD] Penny13_VO · first_building Monastery |
| 27:49 | HasmanIII · first_building Castle |
| 29:08 | [KD] Penny13_VO · first_building Siege Workshop |
| 30:35 | HasmanIII · age_up imperial |
| 30:41 | HasmanIII · first_market_sell 100 stone |
| 30:50 | LuckAss · first_building Monastery |
| 31:31 | [KD] Penny13_VO · first_building Barracks |
| 31:39 | [KD] Penny13_VO · wall_segment Palisade Wall x1 |
| 31:41 | [KD] Penny13_VO · wall_segment Palisade Wall x1 |
| 34:50 | [KD] Fabuled · first_building Barracks |
| 35:24 | [KD] Fabuled · first_building Archery Range |
| 35:41 | LuckAss · age_up imperial |
| 35:46 | [KD] Fabuled · wall_segment Palisade Wall x1 |
| 35:53 | LuckAss · first_market_buy 100 food |
| 36:16 | [KD] Fabuled · wall_segment Palisade Wall x1 |
| 36:17 | [KD] Fabuled · wall_segment Palisade Wall x1 |
| 36:19 | [KD] Fabuled · wall_segment Palisade Wall x1 |
| 37:00 | [KD] Fabuled · resign |
[ AI ANALYSIS · 1 CREDIT ]
What really happened in this match?
Wolo.gg analyzes every decision: build order, eco, micro, common mistakes by bracket. Personalized analysis on WhatsApp or Discord in 30 seconds.
Civ guide
Slavs
Perfil
Jugador #9547856